 Dungeon Crawl Stone Soup version 0.24-a0-487-g57318f2ed0 (webtiles) character file.

Game seed: 17694271706415272817

28485 LemonEater the Geomancer (level 13, -1/79 HPs)
             Began as a Gargoyle Earth Elementalist on July 10, 2019.
             Was a High Priest of Vehumet.
             Killed from afar by a starcursed mass (4 damage)
             ... with an accursed screaming
             ... on level 2 of the Abyss.
             The game lasted 00:33:33 (15651 turns).

LemonEater the Geomancer (GrEE)                    Turns: 15651, Time: 00:33:34

Health: -1/79      AC: 31    Str: 12    XL:     13   Next: 39%
Magic:  11/25      EV: 14    Int: 24    God:    Vehumet [*****.]
Gold:   692        SH:  0    Dex: 10    Spells: 20/29 levels left

rFire    . . .     SeeInvis +   q - +3 mace (protect)
rCold    . . .     Gourm    .   (no shield)
rNeg     + + .     Faith    .   c - +0 robe
rPois    ∞         Spirit   .   C - +2 helmet {SInv}
rElec    +         Reflect  .   l - +2 cloak
rCorr    .         Harm     .   y - +2 pair of gloves
MR       .....                  m - +1 pair of boots
Stlth    ++........             (no amulet)
HPRegen  0.23/turn              p - +3 ring of intelligence
MPRegen  0.19/turn              w - ring of positive energy

@: protection aura
A: negative energy resistance 1, electricity resistance, unbreathing,
petrification resistance, rot immunity, AC +9
a: Renounce Religion


You were on level 2 of the Abyss.
You worshipped Vehumet.
Vehumet was extremely pleased with you.
You were very hungry.

You visited 2 branches of the dungeon, and saw 14 of its levels.
You visited the Abyss 1 time.

You collected 907 gold pieces.
You spent 215 gold pieces at shops.

Inventory:

Hand Weapons
 e - the +3 bardiche of Law {venom, MR+ Str+2}
   (You found it on level 13 of the Dungeon)

   It poisons the flesh of those it strikes.
   It affects your strength (+2).
   It affects your resistance to hostile enchantments.
 f - a +4 quarterstaff of chaos
 q - a +3 mace of protection (weapon)
 z - a +3 flail
Missiles
 b - 91 stones (quivered)
Armour
 c - a +0 robe (worn)
 l - a +2 cloak (worn)
 m - a +1 pair of boots (worn)
 y - a +2 pair of gloves (worn)
 C - a +2 helmet of see invisible (worn)
Jewellery
 p - a +3 ring of intelligence (left hand)
 w - a ring of positive energy (right hand)
Wands
 g - a wand of polymorph (6)
 s - a wand of random effects (13)
 E - a wand of digging (6)
Scrolls
 r - a scroll of immolation
 t - 4 scrolls of amnesia
 v - 3 scrolls of fog
 x - 6 scrolls of remove curse
 B - 4 scrolls of teleportation
 D - 2 scrolls of fear
 F - a scroll of enchant weapon
 H - a scroll of identify
 I - a scroll of blinking
Potions
 a - 5 potions of lignification
 h - a potion of berserk rage
 i - a potion of agility
 j - 3 potions of heal wounds
 k - 2 potions of haste
 n - 5 potions of curing
 o - 2 potions of flight
 A - a potion of brilliance {unknown}
 G - a potion of cancellation {unknown}
Comestibles
 d - 32 rations


   Skills:
 + Level 8.3 Fighting
 + Level 7.5 Maces & Flails
 - Level 6.0 Armour
 + Level 6.5 Dodging
 - Level 2.1 Stealth
 + Level 8.9 Spellcasting
 + Level 10.1 Conjurations
   Level 0.7 Transmutations
 + Level 11.6 Earth Magic
 - Level 6.0 Evocations


You had 20 spell levels left.
You knew the following spells:

 Your Spells              Type           Power        Failure   Level  Hunger
a - Sandblast             Erth           ######       1%          1    None
b - Stone Arrow           Conj/Erth      ######       1%          3    None
c - Lee's Rapid Deconstr  Erth           ######....   1%          5    ####...

Your spell library contained the following spells:

 Spells                   Type           Power        Failure   Level  Hunger
 Bolt of Cold             Conj/Ice       #####.....   28%         6    ######.
 Passwall                 Tmut/Erth      #####...     1%          2    None
 Beastly Appendage        Tmut           ##....       4%          1    None
 Petrify                  Tmut/Erth      #####...     4%          4    ##.....
 Sticks to Snakes         Tmut           ##......     7%          2    None
 Spider Form              Tmut/Pois      ##........   16%         3    None
 Ice Form                 Ice/Tmut       ##......     45%         4    ##.....
 Blade Hands              Tmut           ##........   77%         5    ####...


Dungeon Overview and Level Annotations

Branches:
Dungeon (13/15)            Temple (1/1) D:6            Lair (0/6) D:9
    Orc (0/2) D:9          Vaults (0/5) D:13

Altars:
Ashenzari
Cheibriados
Dithmenos
Elyvilon
Fedhas
Gozag
Hepliaklqana
Kikubaaqudgha
Makhleb
Nemelex Xobeh
Okawaru
Qazlal
Ru
Sif Muna
Trog
Uskayaw
Vehumet
Wu Jian
Xom
Yredelemnul
Zin
The Shining One
Beogh

Shops:
D:5 [   D:13 [

Annotations:
D:4 2 runed translucent doors, motoroller71's ghost, novice GnFi


Innate Abilities, Weirdness & Mutations

You are resistant to torment.
Your stone body is resilient. (AC +9)
You are immune to poison.
You resist negative energy. (rN+)
You are resistant to electric shocks. (rElec)
You can survive without breathing.
You are immune to petrification.
You are immune to rotting.


Message History

Casting: Lee's Rapid Deconstruction (safe; 1% risk of failure)
Confirm with . or Enter, or press ? or * to list all spells.
Aiming: Sandblast (safe; 1% risk of failure)
Press: ? - help, Shift-Dir - straight line The blast of sand hits the starcursed mass!
The starcursed mass is almost destroyed.
b - 91 stones The starcursed mass shudders and is absorbed by its neighbour.
The small abomination misses you.
A starcursed mass splits.
The starcursed mass engulfs you.
* * * LOW HITPOINT WARNING * * *
A deafening chorus of shrieks assaults your mind!
* * * LOW HITPOINT WARNING * * *
The small abomination hits you but does no damage.
A starcursed mass splits.
The small abomination hits you but does no damage.
The starcursed mass engulfs you.
* * * LOW HITPOINT WARNING * * *
A cacophony of accursed wailing tears at your sanity!
You die...

...... ... . ..... .....
..... ##
.###...###...###...## ..#
#.....#.....#.....# ##
...........................
. .. .....................
# . ..................... .
# .. .#.....#X.XX.#..... .
. .......@xXX...... . # .
..#.....#XXX..#... .# . ..
###...###...###.. #. . .#
##.# ##.## .# #4. ##...
#...# ..# .. .#.. ..#.....#
..# . . . ...... .. .....
... . .#..... ....#. ..# #
. ###...


You could see 8 starcursed masses and a small abomination.

Vanquished Creatures
  Frances (D:13)
  Kirke (D:13)
  Azrael (D:13)
  3 two-headed ogres
  2 unseen horrors
  2 necromancers (D:13)
  2 ugly things
  3 cyclopes
  An orange demon (Abyss:2)
  A gargoyle (D:11)
  2 komodo dragons
  3 trolls
  A hornet (D:11)
  2 hippogriffs (D:8)
  14 slime creatures
  A starcursed mass (Abyss:2)
  A shadow (D:12)
  14 yaks
  A wyvern (D:11)
  A yak (shapeshifter) (D:13)
  15 humans (D:13)
  Eustachio (D:4)
  A fire elemental (D:13)
  5 hogs (D:13)
  4 vampire mosquitoes (D:12)
  An insubstantial wisp (Abyss:2)
  4 hell hounds (D:13)
  4 water moccasins
  5 orc warriors
  2 phantoms (D:7)
  3 ice beasts
  An eye of draining (D:12)
  6 ogres
  A necrophage (D:8)
  13 centaurs
  A crocodile (D:7)
  8 bullfrogs
  3 big kobolds
  A wyvern zombie (D:12)
  3 scorpions
  3 killer bees (D:8)
  4 wights (D:12)
  A howler monkey (D:4)
  5 crimson imps
  A bullfrog zombie (D:5)
  A quasit (D:11)
  3 hounds
  5 orc priests
  3 jellies (D:12)
  Crazy Yiuf (D:2)
  7 centaur skeletons
  2 bullfrog skeletons
  9 orc wizards
  Natasha (thrice) (D:2)
  9 worker ants
  A hound skeleton (D:11)
  2 howler monkey zombies
  2 worker ant zombies
  4 gnolls (D:2)
  18 adders
  2 shadow imps (D:12)
  5 oozes (D:12)
  An adder zombie (D:7)
  4 adder skeletons
  3 worms
  2 dart slugs
  4 leopard geckos
  58 orcs
  2 ball pythons
  7 bats
  6 giant cockroaches
  13 goblins
  8 hobgoblins
  5 jackals
  8 quokkas
  10 frilled lizards
  24 kobolds
  A leopard gecko skeleton (D:7)
  A quokka zombie (D:6)
  11 rats
398 creatures vanquished.

Notes
Turn   | Place    | Note
-------+----------+-------------------------------------------
     0 | D:1      | LemonEater the Gargoyle Earth Elementalist began the quest
                  | for the Orb.
     0 | D:1      | Reached XP level 1. HP: 10/10 MP: 3/3
     0 | D:1      | Noticed a tentacled monstrosity
     1 | D:1      | Noticed a shadow dragon
     1 | D:1      | Noticed an iron dragon
     3 | D:1      | Noticed an iron dragon
     5 | D:1      | Noticed a tentacled monstrosity
     7 | D:1      | Noticed an iron dragon
     8 | D:1      | Noticed a large abomination
    10 | D:1      | Noticed a large abomination
    12 | D:1      | Noticed an iron dragon
    16 | D:1      | Noticed an iron dragon
    18 | D:1      | Noticed an orb of fire
    18 | D:1      | Noticed an ice dragon
    24 | D:1      | Noticed an iron dragon
   155 | D:1      | Reached XP level 2. HP: 10/15 MP: 5/5
   364 | D:1      | Reached skill level 4 in Earth Magic
   556 | D:1      | Reached XP level 3. HP: 16/19 MP: 6/6
   561 | D:1      | Learned a level 3 spell: Stone Arrow
  1240 | D:2      | Reached skill level 1 in Conjurations
  1241 | D:2      | Reached XP level 4. HP: 13/24 MP: 2/8
  1498 | D:2      | Noticed Natasha
  1504 | D:2      | Killed Natasha
  1504 | D:2      | Reached skill level 5 in Earth Magic
  1504 | D:2      | Reached XP level 5. HP: 26/28 MP: 5/9
  1511 | D:2      | Learned a level 5 spell: Lee's Rapid Deconstruction
  1670 | D:2      | Noticed Natasha
  1675 | D:2      | Killed Natasha
  1713 | D:2      | Noticed Natasha
  1718 | D:2      | Killed Natasha
  2475 | D:2      | Found a runed translucent door.
  2476 | D:2      | Noticed Crazy Yiuf
  2481 | D:2      | Killed Crazy Yiuf
  2481 | D:2      | Reached XP level 6. HP: 32/32 MP: 6/11
  3666 | D:3      | Reached skill level 6 in Earth Magic
  4045 | D:4      | Reached XP level 7. HP: 21/36 MP: 2/13
  4269 | D:4      | Noticed Eustachio
  4277 | D:4      | Killed Eustachio
  4361 | D:4      | Found a large runed translucent door.
  4361 | D:4      | Found a large runed translucent door.
  4364 | D:4      | Noticed motoroller71's ghost (novice GnFi)
  4764 | D:5      | Entered Level 5 of the Dungeon
  5149 | D:5      | Found a sacrificial altar of Ru.
  5264 | D:5      | Reached skill level 7 in Earth Magic
  5421 | D:5      | Found Qogrone's Antique Armour Shop.
  5429 | D:5      | Reached skill level 5 in Spellcasting
  5441 | D:5      | Reached skill level 5 in Conjurations
  5441 | D:5      | Reached XP level 8. HP: 41/41 MP: 7/15
  6067 | D:6      | Found a staircase to the Ecumenical Temple.
  6078 | Temple   | Entered the Ecumenical Temple
  6171 | D:6      | Found an opulent altar of Gozag.
  6171 | D:6      | Found a radiant altar of Vehumet.
  6178 | D:6      | Found an ornate altar of the Wu Jian Council.
  6178 | D:6      | Found a burning altar of Makhleb.
  6179 | D:6      | Found a hazy altar of Hepliaklqana.
  6179 | D:6      | Found a sacrificial altar of Ru.
  6179 | D:6      | Found a glowing silver altar of Zin.
  6186 | D:6      | Became a worshipper of Vehumet
  6872 | D:7      | Reached skill level 1 in Fighting
  6872 | D:7      | Reached skill level 1 in Armour
  6915 | D:7      | Found a glowing golden altar of the Shining One.
  6923 | D:7      | Reached skill level 1 in Maces & Flails
  6951 | D:7      | Reached skill level 1 in Evocations
  6956 | D:7      | Reached skill level 8 in Earth Magic
  6995 | D:7      | Reached * piety under Vehumet
  6995 | D:7      | Offered knowledge of Flame Tongue by Vehumet.
  7068 | D:7      | Reached XP level 9. HP: 48/48 MP: 17/17
  7105 | D:7      | Found Gaumar's Food Emporium.
  8319 | D:8      | Found a shimmering altar of Xom.
  8475 | D:8      | Offered knowledge of Throw Frost by Vehumet.
  8488 | D:8      | Reached ** piety under Vehumet
  8649 | D:8      | Found a roughly hewn altar of Beogh.
  8751 | D:8      | Reached XP level 10. HP: 56/56 MP: 14/19
  8945 | D:9      | Noticed a two-headed ogre
  8951 | D:9      | Killed a two-headed ogre
  8951 | D:9      | Offered knowledge of Ignite Poison by Vehumet.
  8951 | D:9      | Reached skill level 9 in Earth Magic
  9041 | D:9      | Found a staircase to the Lair.
  9064 | D:9      | Found a staircase to the Orcish Mines.
  9089 | D:9      | Noticed a two-headed ogre
  9093 | D:9      | You fall into a shaft and drop 2 floors!
  9106 | D:11     | Reached *** piety under Vehumet
  9203 | D:10     | Entered Level 10 of the Dungeon
  9395 | D:9      | Killed a two-headed ogre
  9531 | D:9      | Found a stormy altar of Qazlal.
 10121 | D:10     | Killed an unseen horror
 10121 | D:10     | Reached skill level 5 in Fighting
 10121 | D:10     | Reached XP level 11. HP: 63/63 MP: 18/21
 10353 | D:11     | Reached skill level 5 in Armour
 10556 | D:11     | Offered knowledge of Olgreb's Toxic Radiance by Vehumet.
 10904 | D:11     | Noticed a cyclops
 10982 | D:11     | Killed a cyclops
 11188 | D:11     | Reached skill level 5 in Maces & Flails
 11296 | D:11     | Noticed a red ugly thing
 11308 | D:11     | Killed a red ugly thing
 11783 | D:12     | Killed an unseen horror
 11783 | D:12     | Reached skill level 10 in Earth Magic
 11838 | D:12     | Noticed a two-headed ogre
 11843 | D:12     | Killed a two-headed ogre
 12290 | D:12     | Noticed a cyclops
 12306 | D:12     | Killed a cyclops
 12306 | D:12     | Reached skill level 5 in Evocations
 12479 | D:12     | Reached **** piety under Vehumet
 12485 | D:12     | Offered knowledge of Inner Flame by Vehumet.
 12722 | D:12     | Reached skill level 5 in Dodging
 12941 | D:12     | Reached XP level 12. HP: 71/71 MP: 19/23
 13213 | D:12     | Reached ***** piety under Vehumet
 13349 | D:12     | Offered knowledge of Airstrike by Vehumet.
 13623 | D:13     | Noticed Azrael
 13636 | D:13     | Killed Azrael
 13830 | D:13     | Found Ekavu's Armour Shoppe.
 13833 | D:13     | Bought a +2 helmet of see invisible for 215 gold pieces
 14275 | D:13     | Reached skill level 11 in Earth Magic
 14537 | D:13     | Noticed Frances
 14546 | D:13     | Killed Frances
 14658 | D:13     | Noticed Kirke
 14661 | D:13     | Reached XP level 13. HP: 78/78 MP: 25/25
 14668 | D:13     | Killed Kirke
 15160 | D:13     | Reached skill level 10 in Conjurations
 15313 | D:13     | Got a shimmering bardiche
 15314 | D:13     | Identified the cursed +3 bardiche of Law {venom, MR+ Str+2}
                  | (You found it on level 13 of the Dungeon)
 15381 | D:13     | Offered knowledge of Bolt of Cold by Vehumet.
 15562 | D:13     | Found a gate to the Vaults.
 15562 | D:13     | Noticed a vault guard
 15562 | D:13     | Noticed a vault guard
 15562 | D:13     | Noticed a vault guard
 15567 | D:13     | Cast into level 2 of the Abyss (a wizard)
 15632 | Abyss:2  | Noticed a starcursed mass
 15651 | Abyss:2  | HP: 3/79 [starcursed mass (2)]
 15651 | Abyss:2  | Killed from afar by a starcursed mass

Levels and vault maps discovered:
D:1:      shiori_arrival_whats_in_store_for_you, layout_loops_corners,
          kennysheep_doodads, minmay_vboxes
D:2:      layout_basic, uniq_natasha, uniq_crazy_yiuf_cottage
D:3:      minmay_razor_zed, layout_basic, first_ration, dk_vineyard_3
D:4:      layout_loops_ring, ebering_ghost_disaster_area, uniq_eustachio
D:5:      layout_gridville, serial_shops, nicolae_shop_overgrown_old_shop,
          grunt_decor_one_mirror, nicolae_ru_awakened_eye
D:6:      cheibrodos_thug_alley, layout_basic, grunt_temple_overflow_open,
          temple_pool_b, serial_glass, glass_columns_a, glass_columns_b,
          item_on_display_a
D:7:      layout_basic, basic_altar, serial_shops, shop_statue
D:8:      layout_basic, marbit_many_paths, special_room [special_room_orc]
D:9:      layout_cave_pools, nicolae_qazlal_eye_of_the_storm, lair_entry_dummy
D:10:     layout_stronghold
D:11:     layout_layer_cave
D:12:     layout_basic, hangedman_little_slice_of_home
D:13:     layout_roguey, grunt_vaults_entry_tiered, serial_shops,
          kennysheep_mini_moat, uniq_azrael, uniq_frances, uniq_kirke
Temple:   nicolae_temple_god_jail
Abyss:2

Skill      XL: |  1  2  3  4  5  6  7  8  9 10 11 12 13 |
---------------+----------------------------------------+-----
Earth Magic    | 4 5 6 7 8 9 10 11 | 11.6
Conjurations   | 1 2 3 5 6 7 8 9 10 | 10.1
Spellcasting   | 3 4 5 6 7 8 |  8.9
Fighting       | 1 3 5 6 7 8 |  8.3
Armour         | 1 3 4 6 |  6.0
Maces & Flails | 1 3 4 5 6 7 |  7.5
Dodging        | 2 3 4 5 6 |  6.5
Evocations     | 1 3 4 5 6 |  6.0
Stealth        | |  2.1
Transmutations | |  0.7

Action                   |  1- 3 |  4- 6 |  7- 9 | 10-12 | 13-15 || total
-------------------------+-------+-------+-------+-------+-------++-------
Melee: Unarmed           |    14 |       |       |       |       ||    14
       Whip              |    12 |       |       |       |       ||    12
       Dagger            |    71 |   215 |       |       |       ||   286
       Mace              |       |       |   262 |   208 |    25 ||   495
       Bardiche          |       |       |       |       |    50 ||    50
 Cast: Sandblast         |    11 |    49 |    70 |   220 |    43 ||   393
       Stone Arrow       |       |     5 |    11 |    20 |       ||    36
       Lee's Rapid Decon |       |     2 |     5 |    31 |     8 ||    46
Evoke: Wand              |       |     2 |       |    15 |     2 ||    19
  Use: Scroll            |     3 |     9 |     8 |     6 |     2 ||    28
       Potion            |       |       |       |     8 |       ||     8
 Stab: Sleeping          |     3 |     2 |     9 |     2 |       ||    16
  Eat: Chunk             |     1 |     9 |    18 |    22 |     4 ||    54
       Ration            |       |       |       |     1 |       ||     1
Armor: Robe              |    42 |   107 |   216 |   188 |    58 ||   611
       Skin              |       |       |       |    21 |       ||    21
Dodge: Dodged            |    59 |   125 |   251 |   284 |    92 ||   811

Table legend:
 A = Non-vault XP
 B = Vault XP
 C = Vault XP percentage of total XP
 D = Non-vault monster count
 E = Vault monster count
 F = Vault count percentage of total count
                 A         B        C        D         E       F
            +---------+---------+-------+---------+---------+-------
      Total |   28114 |   12580 |  30.9 |     310 |      88 |  22.1
            +---------+---------+-------+---------+---------+-------
        D:1 |      51 |       7 |  12.1 |      28 |       5 |  15.2
        D:2 |     224 |      77 |  25.6 |      31 |       2 |   6.1
        D:3 |     118 |      20 |  14.5 |      22 |       6 |  21.4
        D:4 |     207 |     191 |  48.0 |      17 |       1 |   5.6
        D:5 |     447 |       0 |   0.0 |      14 |       0 |   0.0
        D:6 |     262 |     103 |  28.2 |       9 |       9 |  50.0
        D:7 |    1322 |       0 |   0.0 |      27 |       0 |   0.0
        D:8 |    1431 |     355 |  19.9 |      21 |      25 |  54.3
        D:9 |    2326 |       0 |   0.0 |      17 |       0 |   0.0
       D:10 |    1184 |       0 |   0.0 |      11 |       0 |   0.0
       D:11 |    5084 |       0 |   0.0 |      29 |       0 |   0.0
       D:12 |    8489 |     420 |   4.7 |      43 |       9 |  17.3
       D:13 |    6193 |   11407 |  64.8 |      38 |      31 |  44.9
    Abyss:2 |     776 |       0 |   0.0 |       3 |       0 |   0.0
            +---------+---------+-------+---------+---------+-------
